 Dungeon Crawl Stone Soup version 0.20.0-10-g0535bb4 (console) character file.

73600 jeanjacques the Severer (level 15, -1/128 (130) HPs)
             Began as a Ghoul Gladiator on June 5, 2017.
             Was the Champion of Jiyva.
             Slain by a tyrant leech (18 damage)
             ... on level 1 of the Swamp.
             The game lasted 01:09:19 (15367 turns).

jeanjacques the Severer (Ghoul Gladiator)          Turns: 15367, Time: 01:09:20

HP:   -1/128 (130)  AC: 32    Str: 21    XL:     15   Next: 0%
MP:   19/19         EV:  8    Int: 10    God:    Jiyva [******]
Gold: 463           SH:  0    Dex: 11    Spells: 3/21 levels left

rFire    . . .     SeeInvis .   a - +1 battleaxe (elec)
rCold    + . .     Gourm    .   (shield currently unavailable)
rNeg     + + +     Faith    .   Z - +10 plate armour {ponderous}
rPois    ∞         Spirit   .   c - +1 helmet
rElec    .         Reflect  .   Q - scarf {repulsion}
rCorr    +         Harm     .   W - +0 pair of gloves
MR       ++...                  u - +2 pair of boots {Fly}
Stlth    ..........             F - amulet of regeneration
Regen    0.0/turn               U - +4 ring of strength
MPRegen  0.2/turn               g - ring of protection from magic

@: flying, rotting, repel missiles, slow
A: rotting body, claws 1, carnivore 3, cold resistance 1, negative energy
resistance 3, inhibited regeneration, torment resistance, unbreathing
}: 1/15 runes: slimy
a: Request Jelly, Slimify, Cure Bad Mutation, Renounce Religion, Stop Flying


You were on level 1 of the Swamp.
You worshipped Jiyva.
Jiyva was exalted by your worship.
You were not hungry.

You visited 6 branches of the dungeon, and saw 32 of its levels.
You also visited: Ossuary and Bailey.

You collected 1727 gold pieces.
You spent 1264 gold pieces at shops.

Inventory:

Hand Weapons
 a - a +1 battleaxe of electrocution (weapon)
 b - the +8 hunting sling "Yladib" {flame, SInv}
   (You found it on level 4 of the Dungeon)

   It causes projectiles fired from it to burn those they strike, causing extra
   injury to most foes and up to half again as much damage against particularly
   susceptible opponents.
   It lets you see invisible.
 w - a +0 broad axe of draining
 z - a +0 broad axe
Missiles
 d - 4 throwing nets (quivered)
 h - 17 sling bullets
 L - 279 stones
Armour
 c - a +1 helmet (worn)
 u - a +2 pair of boots of flying (worn)
 A - the +9 scales of the Dragon King {rPois rF+ rC+ MR+}
   (You found it on level 5 of the Pits of Slime)

   It protects you from fire.
   It protects you from cold.
   It protects you from poison.
   It affects your resistance to hostile enchantments.
 Q - a scarf of repulsion (worn)
 V - a +1 plate armour of fire resistance
 W - a +0 pair of gloves (worn)
 Z - a +10 plate armour of ponderousness (worn)
Magical Staves
 B - an uncursed staff of energy
Jewellery
 g - a ring of protection from magic (right hand)
 l - an uncursed ring of fire
 F - an amulet of regeneration (around neck)
 H - the ring "Ruteneir" {rN+ MP+9 Dex+4 SInv Stlth-}
   (You found it on level 5 of the Pits of Slime)

   [ring of see invisible]

   It affects your dexterity (+4).
   It protects you from negative energy.
   It affects your magic capacity (+9).
   It lets you see invisible.
   It makes you less stealthy.
 U - a +4 ring of strength (left hand)
Wands
 D - a wand of clouds (3/9)
 I - a wand of digging (16/24)
Scrolls
 e - a scroll of fog
 i - 3 scrolls of fear
 j - 6 scrolls of teleportation
 m - 9 scrolls of remove curse
 p - a scroll of magic mapping
 r - a scroll of immolation {!r}
 v - 3 scrolls of enchant weapon
 y - a scroll of summoning
 J - a scroll of recharging
 M - 3 scrolls of brand weapon
 P - 3 scrolls of blinking
 T - a scroll of identify
Potions
 k - 3 potions of haste
 o - 4 potions of agility
 q - 5 potions of heal wounds
 s - 6 potions of curing
 C - 2 potions of cancellation
 E - 3 potions of ambrosia
 G - 3 potions of brilliance
 O - a potion of invisibility
 S - 4 potions of might
Miscellaneous
 t - a phial of floods
 N - a sack of spiders
Comestibles
 f - 9 meat rations
 n - 13 royal jellies


   Skills:
 - Level 11.4 Fighting
 + Level 15.0(15.4) Axes
   Level 6.2(11.7) Maces & Flails
 - Level 6.5(6.6) Slings
 - Level 1.7(4.4) Throwing
 - Level 10.2 Armour
 - Level 2.6 Dodging
   Level 4.2 Shields
 - Level 3.6 Spellcasting
 - Level 3.5 Air Magic
 - Level 2.7 Evocations


You had 3 spell levels left.
You knew the following spells:

 Your Spells              Type           Power        Failure   Level  Hunger
a - Airstrike             Air            #.........   100%        4    #####..
r - Regeneration          Chrm/Necr      #.........   100%        3    ###....
s - Swiftness             Chrm/Air       #.......     96%         2    ###....
t - Tornado               Air            #.........   100%        9    #######


Dungeon Overview and Level Annotations

Branches:
Dungeon (15/15)              Lair (6/6) D:9           Swamp (2/4) Lair:3
  Snake (2/4) Lair:2        Slime (5/5) Lair:5          Orc (2/2) D:11
    Elf (0/3) Orc:2
 Temple: D:4-7       Vaults: D:13-14     Depths: D:15

Altars:
Fedhas
Gozag
Nemelex Xobeh
Qazlal
Vehumet
Xom
The Shining One
Beogh
Jiyva

Shops:
D:10 :   D:13 ?   D:15 ??(!   Orc:1 [   Orc:2 !:=(

Annotations:
D:4 1 runed door, greprep's ghost, amateur DENe
D:6 exclusion: oklob plant
D:14 Josephine
Slime:5 Royal Jelly


Innate Abilities, Weirdness & Mutations

Your body is rotting away.
You thrive on raw meat.
You are immune to poison.
You have sharp fingernails.
You are carnivorous and can eat meat at any time.
Your flesh is cold resistant. (rC+)
You are immune to negative energy. (rN+++)
You do not regenerate when monsters are visible.
You are immune to unholy pain and torment.
You can survive without breathing.


Message History

You hit the tyrant leech but do no damage.
The tyrant leech is heavily wounded.
The tyrant leech bites you!
* * * LOW HITPOINT WARNING * * *
Your plate armour prevents you from hitting the tyrant leech.
The tyrant leech is heavily wounded.
You feel better.
You slash the tyrant leech!
Lightning courses through the tyrant leech!
The tyrant leech is almost dead.
The tyrant leech bites you but does no damage.
You closely miss the tyrant leech.
The tyrant leech is almost dead.
The tyrant leech bites you but does no damage.
Your plate armour prevents you from hitting the tyrant leech.
The tyrant leech is almost dead.
The tyrant leech bites you!
* * * LOW HITPOINT WARNING * * *
Your plate armour prevents you from hitting the tyrant leech.
The tyrant leech is almost dead.
You closely miss the tyrant leech.
The tyrant leech is almost dead.
The tyrant leech barely misses you.
You closely miss the tyrant leech.
The tyrant leech is severely wounded.
The tyrant leech bites you but does no damage.
You hit the tyrant leech but do no damage.
The tyrant leech is severely wounded.
The tyrant leech bites you.
* * * LOW HITPOINT WARNING * * *
You closely miss the tyrant leech.
The tyrant leech is severely wounded.
You closely miss the tyrant leech.
The tyrant leech is severely wounded.
The tyrant leech bites you!!
* * * LOW HITPOINT WARNING * * *
You completely miss the tyrant leech.
The tyrant leech is severely wounded.
The tyrant leech bites you!!
You die... 777777777777777

7.~.~....7..~.7
.~~~..~~.>.<..7777777
.~~~.~~~...77777n..~7
.~~~~~~~..~777(.~w.77
7.~~~~~.~7777~.~~~~~77
~..~~~~.777777.~~~~..7
~~.~~~~.777........~.~7
777.~~..~..0~~.~.~~~~.7
77.~~~.~(..~~~..~~~~~...
~77........~~~~..~~~...7
..7..%.77~..~~.777~.~~77


You could see a tyrant leech.

Vanquished Creatures
  Gastronok (D:9)
  Donald (Snake:1)
  4 hydras
  7 two-headed ogres
  A centaur warrior (D:15)
  3 alligators
  The ghost of vatarom the Summoner, a journeyman DESu of Sif Muna (Lair:4)
  3 orc high priests (Orc:2)
  A naga sharpshooter (Snake:1)
  An unseen horror (shapeshifter) (D:13)
  A naga ritualist (Snake:1)
  A deep troll (D:13)
  An orc knight (Bailey)
  An orc sorcerer (Orc:2)
  2 deep elf magi (D:15)
  A salamander (Snake:2)
  2 ugly things (D:11)
  2 cyclopes
  13 elephants
  A black mamba (shapeshifter) (D:13)
  6 black mambas
  3 naga magi (Snake:1)
  A gargoyle (D:15)
  7 spiny frogs
  5 komodo dragons
  A rime drake (Lair:4)
  3 trolls
  A meliai (D:15)
  2 polar bears (Lair:4)
  13 blink frogs
  2 hippogriffs
  A spriggan (Swamp:2)
  A centaur simulacrum (D:14)
  A shadow (D:12)
  24 yaks
  2 vampires
  A wyvern (D:12)
  3 basilisks
  3 vampire mosquitoes (Swamp:2)
  3 hungry ghosts
  10 nagas
  A warg (Orc:1)
  An acid dragon (D:14)
  10 water moccasins
  11 porcupines
  6 ice beasts
  A hornet zombie (D:14)
  2 sky beasts
  5 phantoms
  5 black bears
  2 swamp drakes
  32 orc warriors
  2 necrophages
  11 ogres
  11 wolves
  3 centaurs
  15 crocodiles
  23 bullfrogs
  A gnoll sergeant (D:7)
  2 wyvern skeletons
  A water moccasin zombie (D:9)
  6 scorpions
  3 killer bees (D:11)
  15 wights
  5 howler monkeys
  5 crimson imps
  2 quasits
  A bullfrog zombie (D:12)
  7 hounds
  2 jellies
  3 centaur zombies
  2 human zombies (Ossuary)
  A gnoll shaman (D:6)
  13 orc wizards
  20 orc priests
  4 centaur skeletons
  3 iguanas
  7 worker ants
  2 killer bee zombies
  A big kobold zombie (Ossuary)
  A hound zombie (Ossuary)
  A hound skeleton (D:5)
  4 mummies (Ossuary)
  2 worker ant zombies
  15 gnolls
  A river rat (D:4)
  12 adders
  4 shadow imps
  An adder zombie (Ossuary)
  5 worms
  4 leopard geckos
  65 orcs
  A ball python (D:3)
  2 giant cockroaches (D:1)
  19 goblins
  9 hobgoblins
  7 jackals
  4 quokkas
  4 bats
  5 frilled lizards
  2 hobgoblin zombies (Ossuary)
  7 kobolds
  A kobold zombie (Ossuary)
  An orc zombie (Ossuary)
  7 rats
  3 rat zombies (Ossuary)
  A butterfly (Lair:3)
  5 fungi (D:9)
  3 plants
584 creatures vanquished.

Vanquished Creatures (collateral kills)
  A frost giant (D:13)
  2 orc knights (Orc:2)
  An orc warrior (Orc:2)
  An orc priest (Orc:2)
5 creatures vanquished.

Vanquished Creatures (others)
  An acid blob (Slime:5)
  A great orb of eyes (Slime:5)
  Erica (D:10)
  2 orc high priests (Orc:2)
  An ogre mage (D:15)
  A wizard (D:13)
  2 orc knights (Orc:2)
  2 shining eyes
  2 cyclopes
  A centaur zombie (D:15)
  2 elephants (Lair:5)
  An eye of devastation (Slime:5)
  3 centaur skeletons
  A komodo dragon (Lair:4)
  A tengu conjurer (D:15)
  4 slime creatures
  A blink frog (Lair:4)
  A spriggan (Swamp:2)
  A yak (Lair:5)
  An eye of draining (D:13)
  A warg (D:11)
  4 orc warriors
  A necrophage (D:11)
  A hornet zombie (D:13)
  2 crocodiles
  A centaur (D:10)
  3 bullfrogs
  A scorpion (D:11)
  105 jellies
  7 orc priests
  2 hounds
  A worker ant (D:10)
  5 orc wizards
  3 gnolls (D:12)
  An adder (D:10)
  2 shadow imps
  3 oozes (D:10)
  24 orcs
  2 goblins (D:11)
  12 fungi
  5 plants
  15 toadstools (D:6)
231 creatures vanquished.

Grand Total: 820 creatures vanquished

Notes
Turn   | Place    | Note
-------+----------+-------------------------------------------
     0 | D:1      | jeanjacques the Ghoul Gladiator began the quest for the Orb.
     0 | D:1      | Reached XP level 1. HP: 17/17 MP: 0/0
   113 | D:2      | Reached XP level 2. HP: 23/25 MP: 1/1
   174 | D:2      | Reached skill level 3 in Maces & Flails
   349 | D:3      | Noticed a scorpion
   371 | D:3      | Killed a scorpion
   371 | D:3      | Reached skill level 3 in Fighting
   371 | D:3      | Reached skill level 1 in Armour
   371 | D:3      | Reached XP level 3. HP: 4/31 MP: 2/2
   371 | D:3      | Reached XP level 4. HP: 6/38 MP: 3/3
   486 | D:4      | Noticed greprep's ghost (amateur DENe)
   512 | D:4      | Got a scorched hunting sling
   516 | D:4      | Identified the +8 hunting sling "Yladib" {flame, SInv} (You found it on level 4 of the Dungeon)
   623 | D:4      | Noticed an ogre
   631 | D:4      | HP: 1/40 [ogre/giant club (17)]
   632 | D:4      | Killed an ogre
   632 | D:4      | Reached skill level 4 in Fighting
   632 | D:4      | Reached skill level 1 in Slings
   632 | D:4      | Reached XP level 5. HP: 1/47 MP: 4/4
   669 | D:4      | Reached skill level 2 in Slings
   750 | D:4      | Found a radiant altar of Vehumet.
   750 | D:4      | Found a shimmering altar of Xom.
   750 | D:4      | Found a glowing golden altar of the Shining One.
   750 | D:4      | Found a sparkling altar of Nemelex Xobeh.
   759 | D:4      | Found a stormy altar of Qazlal.
   764 | D:4      | Found an opulent altar of Gozag.
   916 | D:5      | Entered Level 5 of the Dungeon
   921 | D:5      | Reached XP level 6. HP: 52/52 MP: 5/5
  1139 | D:4      | Noticed a phantom
  1160 | D:4      | Killed a phantom
  1160 | D:4      | Reached skill level 5 in Fighting
  1160 | D:4      | Reached skill level 3 in Slings
  1224 | D:4      | Found a glowing golden altar of the Shining One.
  1227 | D:4      | Found a runed door.
  1227 | D:4      | Noticed an angel
  1993 | D:2      | Reached XP level 7. HP: 60/61 MP: 6/6
  2267 | D:5      | Reached skill level 6 in Fighting
  2376 | D:6      | Reached skill level 4 in Slings
  2395 | D:6      | Reached skill level 7 in Fighting
  2395 | D:6      | Reached XP level 8. HP: 37/73 MP: 7/7
  2412 | D:5      | HP: 7/73 [orc warrior/long sword (8)]
  2415 | D:5      | Reached skill level 5 in Slings
  2449 | D:5      | HP: 5/73 [ice beast (4)]
  2762 | D:6      | Reached skill level 8 in Fighting
  2836 | D:6      | Reached skill level 6 in Slings
  2947 | D:6      | Reached XP level 9. HP: 82/82 MP: 8/8
  3129 | D:6      | Found a blossoming altar of Fedhas.
  3143 | D:6      | Noticed an oklob plant
  3254 | D:6      | Reached skill level 9 in Fighting
  3386 | D:7      | Found a sand-covered staircase.
  3393 | Ossuary  | Entered an ossuary
  3476 | Ossuary  | Reached skill level 10 in Fighting
  3949 | D:7      | Reached skill level 11 in Fighting
  4072 | D:9      | Reached skill level 1 in Shields
  4117 | D:9      | Noticed Gastronok
  4161 | D:9      | Reached skill level 2 in Shields
  4189 | D:9      | Reached skill level 3 in Shields
  4192 | D:9      | Reached XP level 10. HP: 81/96 MP: 9/9
  4202 | D:9      | Found a staircase to the Lair.
  4239 | D:9      | Reached skill level 4 in Shields
  4248 | D:9      | Reached skill level 4 in Maces & Flails
  4338 | Lair:1   | Entered Level 1 of the Lair of Beasts
  4374 | Lair:1   | Reached skill level 5 in Maces & Flails
  4374 | Lair:1   | Reached skill level 2 in Armour
  4424 | Lair:1   | Noticed a spiny frog
  4430 | Lair:1   | Killed a spiny frog
  4430 | Lair:1   | Reached skill level 3 in Armour
  4582 | Lair:2   | Reached skill level 6 in Maces & Flails
  4597 | Lair:2   | Found a staircase to the Snake Pit.
  4680 | Lair:2   | Reached skill level 1 in Axes
  4719 | Lair:2   | Noticed a black mamba
  4726 | Lair:2   | Killed a black mamba
  4726 | Lair:2   | Reached skill level 4 in Armour
  4775 | Lair:2   | Noticed a spiny frog
  4776 | Lair:2   | Noticed a spiny frog
  4786 | Lair:2   | Killed a spiny frog
  4786 | Lair:2   | Reached skill level 2 in Axes
  4803 | Lair:2   | Killed a spiny frog
  4803 | Lair:2   | Reached skill level 3 in Axes
  4803 | Lair:2   | Reached skill level 5 in Armour
  4803 | Lair:2   | Reached XP level 11. HP: 102/102 MP: 10/10
  4948 | Lair:2   | Reached skill level 4 in Axes
  5276 | Lair:3   | Reached skill level 6 in Armour
  5619 | Lair:4   | Reached skill level 5 in Axes
  5819 | Lair:4   | Reached skill level 7 in Armour
  5958 | Lair:6   | Entered Level 6 of the Lair of Beasts
  5958 | Lair:6   | Noticed a five-headed hydra
  5977 | Lair:5   | Reached skill level 6 in Axes
  6114 | Lair:5   | Found a staircase to the Slime Pits.
  6115 | Lair:5   | Found a viscous altar of Jiyva.
  6128 | Lair:5   | Became a worshipper of Jiyva Jareru the Shapeless
  6183 | Lair:5   | Reached skill level 7 in Axes
  6220 | Lair:5   | Reached XP level 12. HP: 100/110 MP: 11/11
  6223 | Lair:5   | Reached skill level 8 in Armour
  6289 | Lair:5   | Noticed a six-headed hydra
  6298 | Lair:5   | Killed a six-headed hydra
  6298 | Lair:5   | Reached skill level 8 in Axes
  6306 | Lair:5   | Identified Queruwah's Handbook of Augmentations and Poison
  6397 | Lair:5   | Reached * piety under Jiyva
  6475 | Lair:4   | Noticed vatarom's ghost (journeyman DESu)
  6964 | Lair:3   | Found a staircase to the Swamp.
  6975 | Lair:3   | Reached ** piety under Jiyva
  6976 | Swamp:1  | Entered Level 1 of the Swamp
  6991 | Swamp:1  | Noticed an alligator
  7010 | Swamp:1  | Killed an alligator
  7010 | Swamp:1  | Reached skill level 9 in Axes
  7010 | Swamp:1  | Reached skill level 1 in Spellcasting
  7010 | Swamp:1  | Reached skill level 1 in Evocations
  7660 | D:9      | Learned a level 9 spell: Tornado
  7824 | D:9      | Reached *** piety under Jiyva
  7844 | D:10     | Entered Level 10 of the Dungeon
  7858 | D:9      | Reached skill level 2 in Spellcasting
  7868 | D:9      | Reached skill level 2 in Evocations
  7996 | D:10     | Reached **** piety under Jiyva
  8158 | D:10     | Reached ***** piety under Jiyva
  8195 | D:11     | Found a glowing golden altar of the Shining One.
  8374 | D:10     | Found Dacedaim's Book Boutique.
  8444 | D:10     | Reached skill level 3 in Spellcasting
  8516 | D:11     | Found a flagged portal.
  8529 | Bailey   | Entered a bailey
  8556 | Bailey   | Reached skill level 1 in Air Magic
  8630 | Bailey   | Identified a scroll of acquirement
  8797 | D:11     | Reached ****** piety under Jiyva
  8961 | D:11     | Found a staircase to the Orcish Mines.
  8972 | Orc:1    | Entered Level 1 of the Orcish Mines
  8991 | Orc:1    | Found a roughly hewn altar of Beogh.
  9081 | Orc:1    | Found Fagiene's Antique Armour Shop.
  9100 | Orc:1    | Reached skill level 2 in Air Magic
  9100 | Orc:1    | Reached XP level 13. HP: 116/116 MP: 17/17
  9196 | Orc:2    | Entered Level 2 of the Orcish Mines
  9294 | Orc:2    | Found a staircase to the Elven Halls.
  9415 | Orc:2    | Reached skill level 3 in Air Magic
  9422 | Orc:2    | Reached skill level 10 in Axes
  9423 | Orc:2    | HP: 4/116 [orc priest/divine providence (15)]
  9895 | Orc:2    | Found Zuymoh's Weapon Shop.
  9895 | Orc:2    | Found Zawkic's Distillery.
  9896 | Orc:2    | Found Ywnolek's Jewellery Shop.
  9896 | Orc:2    | Found Biuguel's Book Boutique.
  9911 | Orc:2    | Bought a potion of haste for 140 gold pieces
  9911 | Orc:2    | Bought a potion of haste for 140 gold pieces
  9911 | Orc:2    | Bought a potion of agility for 56 gold pieces
  9911 | Orc:2    | Bought a potion of ambrosia for 112 gold pieces
  9913 | Orc:2    | Bought a potion of heal wounds for 70 gold pieces
  9913 | Orc:2    | Bought a potion of heal wounds for 70 gold pieces
  9913 | Orc:2    | Bought a potion of heal wounds for 70 gold pieces
  9913 | Orc:2    | Bought a potion of curing for 42 gold pieces
  9913 | Orc:2    | Bought a potion of ambrosia for 112 gold pieces
  9919 | Orc:2    | Learned a level 2 spell: Swiftness
  9923 | Orc:2    | Learned a level 3 spell: Regeneration
  9928 | Orc:2    | Learned a level 4 spell: Airstrike
 10030 | D:11     | Reached skill level 11 in Axes
 10488 | Slime:1  | Entered Level 1 of the Pits of Slime
 10488 | Slime:1  | Noticed a great orb of eyes
 10491 | Slime:1  | Noticed a great orb of eyes
 10500 | Slime:2  | Noticed an acid blob
 10500 | Slime:2  | Noticed an azure jelly
 10503 | Slime:3  | Noticed an acid blob
 10503 | Slime:3  | Noticed a great orb of eyes
 10505 | Slime:3  | Noticed an acid blob
 10506 | Slime:3  | Noticed an acid blob
 10508 | Slime:3  | Noticed a great orb of eyes
 10513 | Slime:4  | Noticed a great orb of eyes
 10534 | Slime:4  | Noticed an azure jelly
 10548 | Slime:5  | Entered Level 5 of the Pits of Slime
 10549 | Slime:5  | Noticed an azure jelly
 10550 | Slime:5  | Noticed an acid blob
 10552 | Slime:5  | Noticed an acid blob
 10560 | Slime:5  | Found a viscous altar of Jiyva.
 10560 | Slime:5  | Noticed a great orb of eyes
 10560 | Slime:5  | Noticed a death ooze
 10561 | Slime:5  | Noticed a great orb of eyes
 10561 | Slime:5  | Noticed the Royal Jelly
 10568 | Slime:5  | Noticed an acid blob
 10572 | Slime:5  | Noticed an acid blob
 10589 | Slime:5  | Identified the Collected Works on Poisoning and Bewitchment
 10599 | Slime:5  | Got a slimy rune of Zot
 10601 | Slime:5  | Killed an acid blob
 10607 | Slime:5  | Identified the Disquisition on Malediction
 10611 | Slime:5  | Got a crude platinum ring
 10614 | Slime:5  | Got a scorched chain mail
 10618 | Slime:5  | Killed a great orb of eyes
 10626 | Slime:5  | Identified the ring "Ruteneir" {rN+ MP+9 Dex+4 SInv Stlth-} (You found it on level 5 of the Pits of Slime)
 10639 | Slime:5  | Identified the cursed +1 chain mail of Saniqexo {rC+ Int+3 Dex+4} (You found it on level 5 of the Pits of Slime)
 10697 | Slime:4  | Noticed a death ooze
 10715 | Slime:4  | Noticed an acid blob
 10715 | Slime:4  | Noticed an acid blob
 10729 | Slime:4  | Noticed an acid blob
 10731 | Slime:4  | Noticed a great orb of eyes
 10905 | Lair:5   | Reached skill level 12 in Axes
 10913 | Lair:5   | Reached skill level 9 in Armour
 11458 | Lair:4   | Killed vatarom's ghost
 11578 | Lair:3   | Reached XP level 14. HP: 124/124 MP: 18/18
 11799 | Snake:1  | Entered Level 1 of the Snake Pit
 11799 | Snake:1  | Noticed Donald
 11810 | Snake:1  | Killed Donald
 11898 | Snake:1  | Reached skill level 10 in Armour
 12059 | Snake:1  | Noticed an acid blob
 12059 | Snake:1  | a shock serpent changed into an acid blob
 12252 | D:9      | Killed Gastronok
 12252 | D:9      | Reached skill level 13 in Axes
 12441 | D:10     | Noticed Erica
 12447 | D:10     | Killed Erica
 13193 | D:13     | Noticed a frost giant
 13210 | D:13     | Killed a frost giant
 13212 | D:13     | Got a bloodstained lajatang {slice}
 13215 | D:13     | Identified the +8 lajatang of Hepliaklqana's Fury {slice, *Noise +Rage MP+9} (You took it off a frost giant on level 13 of the Dungeon)
 13295 | D:13     | Reached skill level 14 in Axes
 13323 | D:13     | Found Inepaloc's Magic Scroll Shop.
 13345 | D:13     | Bought a scroll of enchant weapon for 120 gold pieces
 13345 | D:13     | Bought a scroll of fog for 32 gold pieces
 13674 | D:12     | Got a transparent plate armour
 13685 | D:12     | Identified the +1 plate armour "Eqonen" {rC+++ rCorr Int-5 Dex+5} (You found it on level 12 of the Dungeon)
 13706 | D:12     | Found a stormy altar of Qazlal.
 14146 | D:15     | Entered Level 15 of the Dungeon
 14169 | D:15     | Found Puixtyli's Magic Scroll Shoppe.
 14386 | D:15     | Found a shimmering altar of Xom.
 14390 | D:15     | Found Xizximox's Magic Scroll Emporium.
 14396 | D:15     | Bought a scroll of summoning for 180 gold pieces
 14440 | D:15     | Found Jaubol's Distillery.
 14448 | D:15     | Bought a potion of might for 60 gold pieces
 14448 | D:15     | Bought a potion of might for 60 gold pieces
 14523 | D:15     | Found Zytott's Antique Weapon Shop.
 14730 | D:14     | Noticed Josephine
 15316 | Swamp:2  | Reached skill level 15 in Axes
 15319 | Swamp:2  | Reached XP level 15. HP: 45/128 MP: 19/19
 15367 | Swamp:1  | Slain by a tyrant leech

Skill      XL: |  1  2  3  4  5  6  7  8  9 10 11 12 13 14 |
---------------+-------------------------------------------+-----
Maces & Flails | 3 6 |  6.2
Fighting       | 3 4 5 7 8 11 | 11.4
Armour         | 1 5 7 8 9 10 | 10.2
Slings         | 1 2 3 4 6 |  6.5
Shields        | 3 4 |  4.2
Axes           | 3 7 9 12 15 | 15.0
Spellcasting   | 3 |  3.6
Evocations     | 2 |  2.7
Air Magic      | 2 3 |  3.5
Throwing       | |  1.7
Dodging        | |  2.6

Action                   |  1- 3 |  4- 6 |  7- 9 | 10-12 | 13-15 || total
-------------------------+-------+-------+-------+-------+-------++-------
Melee: Flail             |    57 |    19 |     8 |       |       ||    84
       Morningstar       |       |       |     5 |   472 |   110 ||   587
       Broad axe         |       |       |       |   260 |   380 ||   640
       Battleaxe         |       |       |       |       |   372 ||   372
 Fire: Hunting sling     |       |   135 |   288 |    69 |     8 ||   500
Throw: Throwing net      |       |       |       |       |     1 ||     1
Invok: Slimify           |       |       |       |       |     7 ||     7
       Request Jelly     |       |       |       |       |     2 ||     2
Evoke: Wand              |       |     1 |     1 |     4 |       ||     6
       Sack of spiders   |       |       |       |     1 |       ||     1
  Use: Scroll            |       |     6 |     8 |    11 |    13 ||    38
       Potion            |       |       |       |       |     2 ||     2
 Stab: Confused          |       |       |       |     1 |       ||     1
       Fleeing           |       |       |       |       |     1 ||     1
       Held in net/web   |       |       |       |       |     3 ||     3
  Eat: Chunk             |     6 |    25 |    14 |   104 |   104 ||   253
Armor: Leather armour    |     5 |       |       |       |       ||     5
       Chain mail        |    12 |    44 |    35 |       |       ||    91
       Plate armour      |       |       |    81 |   634 |   752 ||  1467
       Gold dragon scale |       |       |       |       |   150 ||   150
Dodge: Dodged            |    30 |    26 |    43 |   386 |   323 ||   808
       Deflected         |       |       |       |       |     5 ||     5
Block: Buckler           |       |       |    14 |   236 |    99 ||   349

Table legend:
 A = Turns spent in this place as a percentage of turns spent in the entire game.
 B = Non-inter-level travel turns spent in this place as a percentage of non-inter-level travel turns spent in the entire game.
 C = Inter-level travel turns spent in this place as a percentage of turns spent in this place.
 D = Turns resting spent in this place as a percentage of non-inter-level travel turns spent in this place.
 E = Turns spent auto-exploring this place as a percentage of non-inter-level travel turns spent in this place.
 F = Non-inter-level travel turns spent in this place divided by the number of levels of this place that you've seen.
                   A       B       C       D       E      F
               +-------+-------+-------+-------+-------+----------------------
         Total | 100.0 | 100.0 |   0.8 |   0.1 |   5.4 | 218.9
       Dungeon |  51.6 |  51.6 |   0.7 |   0.0 |   6.6 | 256.1
          Lair |  26.4 |  26.4 |   0.8 |   0.0 |   5.9 | 327.5
         Swamp |   1.4 |   1.4 |   0.9 |   1.9 |   3.7 |  53.5
     Snake Pit |   2.7 |   2.8 |   0.5 |   1.0 |   4.9 | 102.5
    Slime Pits |   3.1 |   3.0 |   4.3 |   0.0 |   0.5 |  44.0
  Orcish Mines |  10.3 |  10.3 |   0.3 |   0.3 |   1.0 | 384.5
       Ossuary |   1.9 |   1.9 |   0.0 |   0.0 |   6.4 | 140.0
        Bailey |   2.6 |   2.6 |   0.0 |   0.0 |   0.0 | 196.0
               +-------+-------+-------+-------+-------+----------------------

Table legend:
 A = Kills in this place as a percentage of kills in entire the game.
 B = Kills by you in this place as a percentage of kills by you in the entire game.
 C = Kills by friends in this place as a percentage of kills by friends in the entire game.
 D = Other kills in this place as a percentage of other kills in the entire game.
 E = Experience gained in this place as a percentage of experience gained in the entire game.
 F = Experience gained in this place divided by the number of levels of this place that you have seen.
                   A       B       C       D       E      F
               +-------+-------+-------+-------+-------+----------------------
         Total | 100.0 | 100.0 | 100.0 | 100.0 | 100.0 | 2546.2
       Dungeon |  53.6 |  54.6 |  20.0 |  18.2 |  39.8 | 2297.8
          Lair |  22.3 |  22.3 |   0.0 |  36.4 |  37.2 | 5367.0
         Swamp |   1.4 |   1.4 |   0.0 |   0.0 |   4.0 | 1713.0
     Snake Pit |   2.5 |   2.6 |   0.0 |   0.0 |   8.1 | 3492.0
  Orcish Mines |  14.6 |  13.4 |  80.0 |  45.5 |   9.5 | 4102.5
       Ossuary |   2.7 |   2.8 |   0.0 |   0.0 |   0.3 | 217.0
        Bailey |   2.9 |   3.0 |   0.0 |   0.0 |   1.2 | 1071.0
               +-------+-------+-------+-------+-------+----------------------

Vault maps used:
D:1:      mrwooster_arrival_statue
D:2:      kennysheep_the_goblin_king
D:3:      corexii_corridor_pit
D:4:      minmay_overflow_temple_hex, gup_sewer_entry_bowl, first_bread,
          eino_small_chamber_without_monster, lemuel_angel_altar
D:6:      tgw_fedhas
D:7:      nicolae_temple_entry_ecumenical, chequers_ossuary_entry_cave,
          minmay_bent
D:8:      cheibrodos_steamvent
D:9:      due_lair_maze_entry_diamond, uniq_gastronok
D:10:     serial_shops, shop_coins, hangedman_little_slice_of_home, uniq_erica
D:11:     erik_orc_4, enter_bailey_7, tso_metal_star
D:12:     grunt_qazlal_clouds
D:13:     cheibrodos_monumental, david_vaults_4, serial_shops, shop
D:14:     minmay_misc_feat_cross, corexii_corridor_pit,
          minmay_misc_feat_encased, uniq_josephine
D:15:     gammafunk_enter_depths_forms, basic_altar, serial_shops,
          shop_fountains, shop, shop, shop, serial_park_square3,
          minmay_librarian
Lair:1:   beast_lair_carwin_10
Lair:2:   beast_lair_carwin_large_3, guppyfry_snake_entry_garden, minivault_19,
          grunt_forest_stairs_basic, grunt_forest_small_clearing_treed
Lair:3:   minmay_swamp_entry_reptiles, lightli_volcano_entry_magma_tube,
          serial_bayou_shore_b, lemuel_fruit_fields
Lair:4:   grunt_megastairs_2, infiniplex_staircase_pool
Lair:5:   slime_altar_1
Lair:6:   wormcave, hangedman_lair_in_review,
          eino_small_chamber_without_monster, kennysheep_rathole,
          serial_bayou_shore_b
Swamp:1:  evilmike_swamp_ruin_house_1, swamp_pool4, nicolae_swamp_trees_clearing
Swamp:2:  evilmike_swamp_ruin_house_5, swamp_pool4, nicolae_swamp_snake_nest
Snake:1:  uniq_donald
Snake:2:  cheibrodos_toxic_ritual, serial_shops, shop, special_room,
          corexii_hall_statues_t
Slime:4:  cheibrodos_slime_lost_civilization_5
Orc:1:    nicolae_orc_accident_2, serial_shops, shop, mines2_david
Orc:2:    st_orc_pillars, uniq_rupert
Ossuary:  ossuary_minmay_tomb_2a
Bailey:   bailey_axe_1, bailey

Action                   |  1- 3 |  4- 6 |  7- 9 | 10-12 | 13-15 || total
-------------------------+-------+-------+-------+-------+-------++-------
Melee: Flail             |    57 |    19 |     8 |       |       ||    84
       Morningstar       |       |       |     5 |   472 |   110 ||   587
       Broad axe         |       |       |       |   260 |   380 ||   640
       Battleaxe         |       |       |       |       |   372 ||   372
 Fire: Hunting sling     |       |   135 |   288 |    69 |     8 ||   500
Throw: Throwing net      |       |       |       |       |     1 ||     1
Invok: Slimify           |       |       |       |       |     7 ||     7
       Request Jelly     |       |       |       |       |     2 ||     2
Evoke: Wand              |       |     1 |     1 |     4 |       ||     6
       Sack of spiders   |       |       |       |     1 |       ||     1
  Use: Scroll            |       |     6 |     8 |    11 |    13 ||    38
       Potion            |       |       |       |       |     2 ||     2
 Stab: Confused          |       |       |       |     1 |       ||     1
       Fleeing           |       |       |       |       |     1 ||     1
       Held in net/web   |       |       |       |       |     3 ||     3
  Eat: Chunk             |     6 |    25 |    14 |   104 |   104 ||   253
Armor: Leather armour    |     5 |       |       |       |       ||     5
       Chain mail        |    12 |    44 |    35 |       |       ||    91
       Plate armour      |       |       |    81 |   634 |   752 ||  1467
       Gold dragon scale |       |       |       |       |   150 ||   150
Dodge: Dodged            |    30 |    26 |    43 |   386 |   323 ||   808
       Deflected         |       |       |       |       |     5 ||     5
Block: Buckler           |       |       |    14 |   236 |    99 ||   349
